 Dungeon Crawl Stone Soup version 0.28-a0-750-g7c675f85b1 (webtiles) character file.

Game seed: 18283064686682983290

1857 ytrimaz the Chopper (level 8, -2/96 HPs)
             Began as a Demonspawn Berserker on Oct 29, 2021.
             Was a Priest of Trog.
             Shot with a stone by a human (4 damage)
             ... on level 6 of the Dungeon.
             The game lasted 00:08:27 (9419 turns).

ytrimaz the Chopper (Demonspawn Berserker)          Turns: 9419, Time: 00:08:28

Health: -2/96      AC: 14    Str: 19    XL:     8   Next: 89%
Magic:  8/8        EV:  7    Int:  9    God:    Trog [***...]
Gold:   246        SH:  0    Dex: 15    Spells: 7/7 levels left

rFire   . . .      SeeInvis .   a - +0 hand axe
rCold   . . .      Faith    .   (no shield)
rNeg    . . .      Spirit   .   g - +2 plate armour {Will+}
rPois   .          Reflect  .   (helmet restricted)
rElec   .          Harm     .   (no cloak)
rCorr   .          Rampage  .   (no gloves)
Will    +....                   (no boots)
Stlth   ..........              (no amulet)
HPRegen 0.26/turn               (no ring)
MPRegen 0.11/turn               (no ring)

@: berserking (expiring), very quick
A: antennae 1, thin skeletal structure 1, demonic guardian 1, powered by pain 1
a: Renounce Religion, Berserk, Trog's Hand


You were on level 6 of the Dungeon.
You worshipped Trog.
Trog was most pleased with you.
You visited 2 branches of the dungeon, and saw 7 of its levels.

You collected 246 gold pieces.

Inventory:

Hand Weapons
 a - a +0 hand axe (weapon)
 f - a +0 war axe
Missiles
 n - a throwing net (quivered)
Armour
 g - a +2 plate armour of willpower (worn)
Jewellery
 q - an amulet of reflection
Wands
 c - a wand of digging (4)
Scrolls
 d - a scroll of fear
 h - a scroll of vulnerability
 j - a scroll of teleportation
 k - a scroll of blinking
 l - a scroll of enchant weapon
 m - a scroll of enchant armour
Potions
 b - 2 potions of curing
 e - a potion of brilliance {unknown}
 i - a potion of heal wounds {unknown}
 o - a potion of lignification {unknown}


   Skills:
 + Level 5.7 Fighting
 + Level 7.9 Axes
 + Level 5.5 Armour
 + Level 3.3 Dodging


You had 7 spell levels left.
You didn't know any spells.
Your spell library was empty.

Dungeon Overview and Level Annotations

Branches:
Dungeon (6/15)             Temple (1/1) D:4

Altars:
Ashenzari
Cheibriados
Dithmenos
Elyvilon
Fedhas
Hepliaklqana
Kikubaaqudgha
Makhleb
Nemelex Xobeh
Okawaru
Qazlal
Ru
Sif Muna
Trog
Wu Jian
Xom
Yredelemnul
Zin
The Shining One

Shops:
D:5 =

Annotations:
D:5 2 runed translucent doors


Innate Abilities, Weirdness & Mutations

You have a pair of small antennae on your head.
You have a somewhat thin skeletal structure. (Dex +2, Stealth+)
A weak demonic guardian rushes to your aid.
You sometimes gain a little power by taking damage.


Message History

* * * LOW HITPOINT WARNING * * *
The human hits you but does no damage. The human hits you with a +0 flail!
* * * LOW HITPOINT WARNING * * *
You slash the human!
The human is severely wounded.
You barely miss the human. You hit the human.
Your iron imp barely misses the human.
The human hits you but does no damage.
You slash the human!
You kill the human!
Trog accepts your kill.
You slash the human! You completely miss the human. The human hits you.
* * * LOW HITPOINT WARNING * * *
A steam dragon comes into view.
Unknown command.
You barely miss the human. You hit the human. x2
Your iron imp hits the human.
The human hits you with a +0 club.
* * * LOW HITPOINT WARNING * * *
The human unwields a +0 hunting sling.
The human barely misses you.
You slash the human!
You kill the human!
Trog accepts your kill.
You completely miss the human. You hit the human. The human closely misses you.
Unknown command.
You closely miss the steam dragon. You miss the human.
You barely miss the human.
Your iron imp barely misses the human.
The human barely misses you. The human closely misses you.
The steam dragon bites you.
* * * LOW HITPOINT WARNING * * *
The steam dragon claws you but does no damage.
Unknown command.
You are too berserk!
You swap places.
Your skin stops crawling.
You feel less strong-willed.
You feel a strong urge to attack something.
The human wields a +0 hunting sling.
The human shoots a stone.
The stone hits you but does no damage.
Your iron imp hits the human.
The human hits your iron imp. The steam dragon bites your iron imp.
The steam dragon closely misses your iron imp.
The human shoots a stone.
The stone hits you.
You die...

**,,,,,....### **###
*,,,,,......# *###,...
*,,,,,......#######...,,..
**,,,,,,....##......#****#
*,,,,,,,...........# *
*,,,,***'#Dp.......#
*.,,,*,,,#5p......#* #
*....#####........# #
*.......@.........# #
*#..##............# ####
*,**######.......####...
*** *#............##
#.....##...#### ****
*#...######## *,,**
**#..### **,,***...#*
*,,,*,.##*


You could see a human.

Vanquished Creatures
  Prince Ribbit (D:5)
  2 humans (D:6)
  Menkaure (D:6)
  An orc warrior (D:6)
  A sky beast (D:5)
  An ice beast (D:5)
  An ogre (D:3)
  A phantom (D:3)
  A water moccasin skeleton (D:4)
  2 orc priests
  2 bullfrog skeletons
  2 hounds
  A jelly (D:3)
  Natasha (thrice) (D:2)
  4 orc wizards
  4 hound skeletons
  5 gnolls
  6 adders
  An ufetubus (D:6)
  An adder zombie (D:5)
  An adder skeleton (D:4)
  A worm (D:3)
  2 dart slugs
  17 orcs
  7 bats
  3 endoplasms
  2 giant cockroaches
  5 goblins
  5 hobgoblins
  3 iguanas
  3 quokkas
  3 ball pythons
  4 frilled lizards
  7 kobolds
  7 rats
111 creatures vanquished.

Vanquished Creatures (collateral kills)
  A scorpion (D:4)
  A centaur zombie (D:6)
  A jelly (D:3)
  A dart slug (D:3)
  An endoplasm (D:1)
  A bat (D:1)
6 creatures vanquished.

Grand Total: 117 creatures vanquished

Notes
Turn   | Place    | Note
-------+----------+-------------------------------------------
     0 | D:1      | ytrimaz the Demonspawn Berserker began the quest for the
                  | Orb.
     0 | D:1      | Reached XP level 1. HP: 18/18 MP: 1/1
   400 | D:1      | Reached skill level 3 in Axes
   400 | D:1      | Gained mutation: A weak demonic guardian rushes to your
                  | aid. [demonic ancestry]
   400 | D:1      | Reached XP level 2. HP: 17/24 MP: 2/2
  1033 | D:1      | Gained mutation: You sometimes gain a little power by
                  | taking damage. [demonic ancestry]
  1033 | D:1      | Reached XP level 3. HP: 28/29 MP: 3/3
  1252 | D:1      | Reached ** piety under Trog
  1413 | D:1      | Found a faded altar of an unknown god.
  1798 | D:2      | Noticed Natasha
  1807 | D:2      | Killed Natasha
  2005 | D:2      | Reached XP level 4. HP: 29/35 MP: 4/4
  2134 | D:2      | Noticed Natasha
  2145 | D:2      | Killed Natasha
  2146 | D:2      | Reached skill level 4 in Axes
  2148 | D:2      | Noticed Natasha
  2164 | D:2      | Killed Natasha
  3013 | D:2      | Reached XP level 5. HP: 42/42 MP: 5/5
  3753 | D:3      | Noticed an ogre
  3761 | D:3      | Killed an ogre
  3761 | D:3      | Reached *** piety under Trog
  3762 | D:3      | Reached skill level 5 in Axes
  3762 | D:3      | Gained mutation: You have a pair of small antennae on your
                  | head. [demonic ancestry]
  3762 | D:3      | Reached XP level 6. HP: 12/48 MP: 6/6
  4330 | D:3      | Found a shimmering altar of Xom.
  4999 | D:3      | Gained mutation: You have a somewhat thin skeletal
                  | structure. (Dex +2, Stealth+) [demonic ancestry]
  4999 | D:3      | Reached XP level 7. HP: 50/54 MP: 7/7
  5279 | D:4      | Found a blossoming altar of Fedhas.
  5857 | D:4      | Found a staircase to the Ecumenical Temple.
  5984 | D:4      | Reached skill level 6 in Axes
  6432 | D:4      | Found a snail-covered altar of Cheibriados.
  6434 | D:4      | Found a bloodstained altar of Trog.
  6435 | D:4      | Found an iron altar of Okawaru.
  6435 | D:4      | Found a burning altar of Makhleb.
  6658 | Temple   | Entered the Ecumenical Temple
  6827 | D:5      | Entered Level 5 of the Dungeon
  6950 | D:5      | Noticed Prince Ribbit
  6996 | D:5      | Killed Prince Ribbit
  7186 | D:5      | Found a runed translucent door.
  7206 | D:5      | Reached XP level 8. HP: 25/61 MP: 8/8
  7273 | D:5      | Found a runed translucent door.
  7610 | D:5      | Found Hoicep's Jewellery Shop.
  8010 | D:5      | Reached skill level 7 in Axes
  8696 | D:6      | Noticed Menkaure
  8705 | D:6      | Killed Menkaure
  8706 | D:6      | Reached skill level 5 in Fighting
  8903 | D:6      | Reached skill level 5 in Armour
  9414 | D:6      | HP: 3/94 [human (4)]
  9416 | D:6      | HP: 1/96 [steam dragon (3)]
  9419 | D:6      | Shot with a stone by a human

Illustrated notes

Levels and vault maps discovered:
D:1:      dpeg_arrival_arbitrary_c, layout_basic,
          hellmonk_ecumenical_altar_zigzags, corexii_item_surrounded_by_moat,
          minmay_cut_off
D:2:      layout_loops_corners, chequers_serial_rivers_room_a, uniq_natasha
D:3:      layout_basic, dk_xom_monty_hall, chequers_serial_rivers_micro_c
D:4:      layout_basic, fedhas_altar_2, grunt_temple_overflow_open,
          minmay_temple_entry_statues_pillars, chequers_serial_rivers_room_a
D:5:      lemuel_insect_pit, layout_basic, portal_sewer_entry_a, serial_shops,
          nicolae_stop_n_shop_1, uniq_prince_ribbit1
D:6:      layout_layer_cave, minmay_ruffians, uniq_menkaure
Temple:   dshaligram_water_room_temple

Skill      XL: |  1  2  3  4  5  6  7  8 |
---------------+-------------------------+-----
Axes           | 3 4 5 6 7 |  7.9
Dodging        | 2 3 |  3.3
Armour         | 2 3 4 5 |  5.5
Fighting       | 4 5 |  5.7

Action                   |  1- 3 |  4- 6 |  7- 9 || total
-------------------------+-------+-------+-------++-------
Melee: Hand axe          |   100 |   217 |   310 ||   627
Invok: Berserk           |     1 |     2 |     5 ||     8
       Trog's Hand       |       |       |     3 ||     3
  Use: Scroll            |     1 |     3 |     5 ||     9
 Stab: Sleeping          |     4 |       |       ||     4
       Distracted        |       |       |     1 ||     1
Armor: Animal skin       |    19 |       |       ||    19
       Plate armour      |    13 |   175 |   193 ||   381
Dodge: Dodged            |    82 |    78 |   115 ||   275

Table legend: (Time is in decaauts)
 A = Elapsed time spent in this place.
 B = Non-inter-level travel time spent in this place.
 C = Inter-level travel time spent in this place.
 D = Time resting spent in this place.
 E = Time spent auto-exploring this place.
 F = Levels seen in this place.
 G = Mean time per level.
                   A        B        C        D        E       F      G
               +--------+--------+--------+--------+--------+-----+--------+
         Total |   9501 |   9305 |    196 |   1519 |   6503 |   7 | 1357.3 |
       Dungeon |   9368 |   9194 |    174 |   1519 |   6403 |   6 | 1561.3 |
        Temple |    132 |    110 |     22 |      0 |    100 |   1 |  132.0 |
               +--------+--------+--------+--------+--------+-----+--------+

Top non-repeatable levels by time:
     D:3: 2228 daAuts
     D:5: 1858 daAuts
     D:1: 1790 daAuts
     D:4: 1470 daAuts
     D:2: 1257 daAuts
     D:6: 764 daAuts
  Temple: 132 daAuts
